 Dungeon Crawl Stone Soup version 0.24-a0-378-g94936e539c (webtiles) character file.

Game seed: 14813180019318639946

42 HAL9000 the Sneak (level 3, 0/18 HPs)
             Began as a Vine Stalker Assassin on June 2, 2019.
             Succumbed to a scorpion's poison
             ... on level 4 of the Dungeon.
             The game lasted 00:02:23 (807 turns).

HAL9000 the Sneak (Vine Stalker Assassin)            Turns: 807, Time: 00:02:24

Health: 0/18       AC: 11    Str: 19    XL:     3   Next: 56%
Magic:  4/4        EV: 11    Int: 11    God:
Gold:   42         SH:  0    Dex: 15    Spells: 2/2 levels left

rFire    . . .     SeeInvis .   j - +2 dagger (protect)
rCold    . . .     Gourm    .   (no shield)
rNeg     . . .     Faith    .   g - +0 leather armour
rPois    .         Spirit   +   (no helmet)
rElec    .         Reflect  .   c - +0 cloak
rCorr    .         Harm     .   (no gloves)
MR       .....                  (no boots)
Stlth    +++.......             (no amulet)
HPRegen  0.06/turn              (no ring)
MPRegen  0.09/turn              (no ring)

@: mighty, lethally poisoned (0 -> -10), protection aura
A: fangs 2, magic shield, antimagic bite, no potion heal 3, rot immunity
a: no special abilities


You were on level 4 of the Dungeon.
You were not hungry.

You visited 1 branch of the dungeon, and saw 3 of its levels.

You collected 42 gold pieces.

Inventory:

Hand Weapons
 j - a +2 dagger of protection (weapon)
Missiles
 d - 7 poisoned darts (quivered)
Armour
 c - a +0 cloak (worn)
 g - a +0 leather armour (worn)
Potions
 b - a potion of might
 i - 2 potions of brilliance {unknown}
Comestibles
 f - 2 rations
 h - 3 chunks of flesh


   Skills:
 - Level 1.7 Fighting
 + Level 3.5 Short Blades
 - Level 1.7 Throwing
 - Level 0.7 Dodging
 - Level 4.8 Stealth


You had 2 spell levels left.
You didn't know any spells.
Your spell library was empty.

Dungeon Overview and Level Annotations

Branches:
Dungeon (2/15)

Altars:


Innate Abilities, Weirdness & Mutations

You have extremely sharp teeth.
When hurt, damage is shared between your health and your magic reserves.
Your bite disrupts and absorbs the magic of your enemies.
Potions cannot restore your health.
You are immune to rotting.


Message History

You feel sick. The scorpion barely misses you.
Unknown command.
You hit the scorpion.
You bite the scorpion, but do no damage.
The scorpion is heavily wounded.
* * * LOW HITPOINT WARNING * * *
You feel sick.
The scorpion stings you but does no damage.
You closely miss the scorpion. You bite the scorpion. You drain its power.
You feel invigorated.
The scorpion is severely wounded.
* * * LOW HITPOINT WARNING * * *
You feel sick.
The scorpion looks more healthy.
The scorpion barely misses you.
Unknown command.
You closely miss the scorpion.
You bite the scorpion, but do no damage.
The scorpion is severely wounded.
It was a potion of might.
You feel very mighty all of a sudden.
You die...

#....# .^.
#....##...
#..s>..... #....##
#.....# ##.#.(+
#####+##(#
#......s.#
#.....@.##
#.......# ####..###
##.# #######)#
#######
#.......###)....###
#.#####.)..)......#
#....#####...
#.#### ≈#


You could see a scorpion.

Vanquished Creatures
  An ooze (D:2)
  A dart slug (D:2)
  A leopard gecko (D:1)
  2 ball pythons (D:1)
  A giant cockroach (D:1)
  2 goblins
  6 hobgoblins
  4 jackals (D:2)
  7 kobolds
  A bat (D:1)
  3 frilled lizards
  2 rats
31 creatures vanquished.

Notes
Turn   | Place    | Note
-------+----------+-------------------------------------------
     0 | D:1      | HAL9000 the Vine Stalker Assassin began the quest for the
                  | Orb.
     0 | D:1      | Reached XP level 1. HP: 11/11 MP: 2/2
   111 | D:1      | Reached XP level 2. HP: 14/15 MP: 1/3
   523 | D:1      | You fall into a shaft and drop 1 floor!
   554 | D:2      | Reached XP level 3. HP: 18/18 MP: 4/4
   738 | D:2      | You fall into a shaft and drop 2 floors!
   787 | D:4      | Noticed a scorpion
   807 | D:4      | Succumbed to a scorpion's poison

Levels and vault maps discovered:
D:1:      tarquinn_simple_flora_water_f, layout_loops_ring,
          minmay_misc_feat_diagonals, st_stairs_8, hangedman_feature_mirror
D:2:      layout_rooms
D:4:      cheibrodos_thug_alley, layout_basic

Skill      XL: |  1  2 |
---------------+-------+-----
Short Blades   | 2 3 |  3.5
Fighting       | |  1.7
Throwing       | |  1.7
Dodging        | |  0.7
Stealth        | |  4.8

Action                   || total
-------------------------++-------
Melee: Dagger            ||    85
       Bite              ||    17
Throw: Dart              ||     3
  Use: Potion            ||     1
 Stab: Sleeping          ||     3
       Distracted        ||     1
Armor: Leather armour    ||    16
Dodge: Dodged            ||    36

Table legend:
 A = Non-vault XP
 B = Vault XP
 C = Vault XP percentage of total XP
 D = Non-vault monster count
 E = Vault monster count
 F = Vault count percentage of total count
                 A         B        C        D         E       F
            +---------+---------+-------+---------+---------+-------
      Total |      46 |      15 |  24.6 |      22 |       9 |  29.0
            +---------+---------+-------+---------+---------+-------
        D:1 |      23 |       4 |  14.8 |      13 |       2 |  13.3
        D:2 |      23 |       0 |   0.0 |       9 |       0 |   0.0
        D:4 |       0 |      11 | 100.0 |       0 |       7 | 100.0
            +---------+---------+-------+---------+---------+-------
